| TOP OF THE 1ST |
|
Joplin Blasters batting - Pitching for Tijuana Toros : LHP Mark Mullin
|
|
Pitching: LHP Mark Mullin
|
|
|
Batting: RHB Angel Melendez
|
0-0: Swinging Strike 0-1: Called Strike 0-2: Foul Ball, location: 2F 0-2: Ball 1-2: Strikes out swinging
|
|
Batting: RHB Mike Stokes
|
0-0: Swinging Strike 0-1: Foul Ball, location: 2F 0-2: Ball 1-2: Ball 2-2: Ball 3-2: Strikes out swinging
|
|
Batting: RHB Dustin Peterson
|
0-0: Ball 1-0: Swinging Strike 1-1: Ball 2-1: Ball 3-1: Base on Balls
|
|
Batting: RHB Donnie Bednarz
|
0-0: Ball 1-0: Reached on error, E6 (Groundball, 6, EV 88.8 MPH) Dustin Peterson to second
|
|
Batting: RHB Steve Huebner
|
0-0: Called Strike 0-1: Ball 1-1: Ball 2-1: Ball 3-1: Called Strike 3-2: Strikes out swinging
|
| Top of the 1st over - 0 runs, 0 hits, 1 error, 2 left on base; Joplin 0 - Tijuana 0 |
| BOTTOM OF THE 1ST |
|
Tijuana Toros batting - Pitching for Joplin Blasters : LHP Sean Walters
|
|
Pitching: LHP Sean Walters
|
|
|
Batting: RHB Alex Diaz
|
0-0: Ball 1-0: Called Strike 1-1: Called Strike 1-2: Foul Ball, location: 2F 1-2: Strikes out swinging
|
|
Batting: RHB Guo Kwok
|
0-0: Swinging Strike 0-1: Ball 1-1: Foul Ball, location: 2F 1-2: Foul Ball, location: 2F 1-2: Ball 2-2: Ball 3-2: Strikes out swinging
|
|
Batting: RHB Jerry Afghani
|
0-0: Swinging Strike 0-1: Called Strike 0-2: Ball 1-2: Strikes out swinging
|
| Bottom of the 1st over - 0 runs, 0 hits, 0 errors, 0 left on base; Joplin 0 - Tijuana 0 |
| TOP OF THE 2ND |
|
Joplin Blasters batting - Pitching for Tijuana Toros : LHP Mark Mullin
|
|
Batting: LHB Willie Marquez
|
0-0: Ball 1-0: Ball 2-0: Called Strike 2-1: SOLO HOME RUN (Line Drive, 89XD, EV 111.9 MPH), Distance : 442 ft
|
|
Batting: RHB Jin-hoi Hur
|
0-0: Ball 1-0: Called Strike 1-1: Ball 2-1: Bunted foul 2-2: Reached on error, E6 (Groundball, 6, EV 102.5 MPH)
|
|
Batting: RHB Sean Walters
|
0-0: Ball 1-0: Swinging Strike 1-1: Ground out 6-3 (Groundball, 6, EV 82.5 MPH)
|
|
Batting: LHB Josh Lane
|
0-0: Ball 1-0: Called Strike 1-1: Foul Ball, location: 2F 1-2: Strikes out swinging
|
|
Batting: RHB Angel Melendez
|
0-0: Swinging Strike 0-1: Ball 1-1: Swinging Strike 1-2: SINGLE (Line Drive, 9LS, EV 110.6 MPH) Jin-hoi Hur to third
|
|
Batting: RHB Mike Stokes
|
0-0: Called Strike Angel Melendez is caught stealing 2nd base 2-4
|
| Top of the 2nd over - 1 run, 2 hits, 1 error, 1 left on base; Joplin 1 - Tijuana 0 |
| BOTTOM OF THE 2ND |
|
Tijuana Toros batting - Pitching for Joplin Blasters : LHP Sean Walters
|
|
Batting: RHB Shiki Nomoto
|
0-0: Ball 1-0: Ball 2-0: Called Strike 2-1: Ground out 4-3 (Groundball, 4, EV 106.9 MPH)
|
|
Batting: RHB Guillermo Puente
|
0-0: Called Strike 0-1: Foul Ball, location: 2F 0-2: Ball 1-2: Ball 2-2: Ball 3-2: Fly out, F7 (Flyball, 78M, EV 88.8 MPH)
|
|
Batting: RHB Jesus Herrera
|
0-0: Swinging Strike 0-1: Ground out 5-3 (Groundball, 56, EV 81.2 MPH)
|
| Bottom of the 2nd over - 0 runs, 0 hits, 0 errors, 0 left on base; Joplin 1 - Tijuana 0 |
| TOP OF THE 3RD |
|
Joplin Blasters batting - Pitching for Tijuana Toros : LHP Mark Mullin
|
|
Batting: RHB Mike Stokes
|
0-0: Foul Ball, location: 2F 0-1: Foul Ball, location: 2F 0-2: Foul Ball, location: 2F 0-2: Strikes out looking
|
|
Batting: RHB Dustin Peterson
|
0-0: Swinging Strike 0-1: Ball 1-1: Ball 2-1: Ball 3-1: Called Strike 3-2: Foul Ball, location: 2F 3-2: Foul Ball, location: 2F 3-2: Foul Ball, location: 2F 3-2: Base on Balls
|
|
Batting: RHB Donnie Bednarz
|
0-0: Called Strike 0-1: Hit by Pitch Dustin Peterson to second
|
|
Batting: RHB Steve Huebner
|
0-0: SINGLE (Groundball, 56D, EV 107.5 MPH) Dustin Peterson to third Donnie Bednarz to second
|
|
Batting: LHB Willie Marquez
|
0-0: GRAND SLAM HOME RUN (Flyball, 89XD, EV 109.4 MPH), Distance : 434 ft
|
|
Batting: RHB Jin-hoi Hur
|
0-0: Foul Ball, location: 2F 0-1: Foul Ball, location: 2F 0-2: Ball 1-2: Foul Ball, location: 2F 1-2: Ball 2-2: Ground out 6-3 (Groundball, 4M, EV 99.4 MPH)
|
|
Batting: RHB Sean Walters
|
0-0: Ball 1-0: Ball 2-0: Foul Ball, location: 2F 2-1: Swinging Strike 2-2: Foul Ball, location: 2F 2-2: Strikes out looking
|
| Top of the 3rd over - 4 runs, 2 hits, 0 errors, 0 left on base; Joplin 5 - Tijuana 0 |
| BOTTOM OF THE 3RD |
|
Tijuana Toros batting - Pitching for Joplin Blasters : LHP Sean Walters
|
|
Batting: LHB Jose Diaz
|
0-0: Foul Ball, location: 2F 0-1: Ball 1-1: Ball 2-1: Foul Ball, location: 2F 2-2: Ball 3-2: Base on Balls
|
|
Batting: RHB Tan-ming Kwan
|
0-0: Reached on error, E7 (Flyball, 7, EV 90.0 MPH) Jose Diaz to second
|
|
Batting: RHB Clay Holgate
|
0-0: Ball 1-0: Called Strike 1-1: Swinging Strike 1-2: Strikes out swinging
|
|
Batting: RHB Alex Diaz
|
0-0: Ball 1-0: Foul Ball, location: 2F 1-1: Foul Ball, location: 2F 1-2: Foul Ball, location: 2F 1-2: Ball 2-2: Fly out, F8 (Flyball, 8RD, EV 91.2 MPH)
|
|
Batting: RHB Guo Kwok
|
0-0: Foul Ball, location: 2F 0-1: Swinging Strike 0-2: Ground out 1-3 (Groundball, 13S, EV 75.0 MPH)
|
| Bottom of the 3rd over - 0 runs, 0 hits, 1 error, 2 left on base; Joplin 5 - Tijuana 0 |
| TOP OF THE 4TH |
|
Joplin Blasters batting - Pitching for Tijuana Toros : LHP Mark Mullin
|
|
Batting: LHB Josh Lane
|
0-0: SINGLE (Groundball, 5L, EV 108.1 MPH) (infield hit)
|
|
Batting: RHB Angel Melendez
|
0-0: Foul Ball, location: 2F 0-1: Foul Ball, location: 2F 0-2: Foul Ball, location: 2F 0-2: Ball 1-2: Ball Wild Pitch! Josh Lane to second 2-2: DOUBLE (Groundball, 5L, EV 108.1 MPH) Josh Lane scores
|
|
Pitching: LHP Brad Brownell
|
|
|
Batting: RHB Mike Stokes
|
0-0: Ball 1-0: Called Strike 1-1: Ball 2-1: Swinging Strike 2-2: Strikes out looking
|
|
Batting: RHB Dustin Peterson
|
0-0: Fly out, F8 (Flyball, 8RD, EV 102.5 MPH) Runner from 2nd tags up, SAFE at 3rd with throw by CF
|
|
Batting: RHB Donnie Bednarz
|
0-0: Ball 1-0: Ball 2-0: Foul Ball, location: 2F 2-1: Ball 3-1: Base on Balls
|
|
Batting: RHB Steve Huebner
|
0-0: Foul Ball, location: 2F 0-1: Ball 1-1: Foul Ball, location: 2F 1-2: Foul Ball, location: 2F 1-2: Ball 2-2: Ball 3-2: Foul Ball, location: 2F 3-2: Strikes out swinging
|
| Top of the 4th over - 1 run, 2 hits, 0 errors, 2 left on base; Joplin 6 - Tijuana 0 |
| BOTTOM OF THE 4TH |
|
Tijuana Toros batting - Pitching for Joplin Blasters : LHP Sean Walters
|
|
Batting: RHB Jerry Afghani
|
0-0: Ball 1-0: Ball 2-0: SINGLE (Flyball, 78M, EV 92.5 MPH)
|
|
Batting: RHB Shiki Nomoto
|
0-0: Called Strike Jerry Afghani is caught stealing 2nd base 2-4 0-1: Ball 1-1: Ground out 3-1 (Groundball, 34S, EV 76.9 MPH)
|
|
Batting: RHB Guillermo Puente
|
0-0: Foul Ball, location: 2F 0-1: Called Strike 0-2: Ball 1-2: TRIPLE (Flyball, 9LD, EV 91.9 MPH)
|
|
Batting: RHB Jesus Herrera
|
0-0: Ball 1-0: Ball 2-0: SINGLE (Flyball, 8LS, EV 89.4 MPH) Guillermo Puente scores
|
|
Pitching: RHP Robert Carlos
|
|
|
Batting: LHB Jose Diaz
|
0-0: Ball 1-0: Foul Ball, location: 2F 1-1: Ball Jesus Herrera steals 2nd base 2-1: Ground out 4-3 (Groundball, 4D, EV 98.8 MPH)
|
| Bottom of the 4th over - 1 run, 3 hits, 0 errors, 1 left on base; Joplin 6 - Tijuana 1 |
| TOP OF THE 5TH |
|
Joplin Blasters batting - Pitching for Tijuana Toros : LHP Brad Brownell
|
|
Batting: LHB Willie Marquez
|
0-0: Foul Ball, location: 2F 0-1: Fly out, F8 (Flyball, 8RD, EV 83.1 MPH)
|
|
Batting: RHB Jin-hoi Hur
|
0-0: Ball 1-0: Foul Ball, location: 2F 1-1: Called Strike 1-2: Ball 2-2: Strikes out swinging
|
|
Batting: RHB Sean Walters
|
0-0: Ball 1-0: Ball 2-0: Called Strike 2-1: Ball 3-1: Fly out, F7 (Flyball, 78M, EV 79.4 MPH)
|
| Top of the 5th over - 0 runs, 0 hits, 0 errors, 0 left on base; Joplin 6 - Tijuana 1 |
| BOTTOM OF THE 5TH |
|
Tijuana Toros batting - Pitching for Joplin Blasters : RHP Robert Carlos
|
|
Batting: RHB Tan-ming Kwan
|
0-0: Ball 1-0: Swinging Strike 1-1: Foul Ball, location: 2F 1-2: Strikes out swinging
|
|
Batting: RHB Clay Holgate
|
0-0: Ball 1-0: Ball 2-0: Fly out, F8 (Flyball, 8RM, EV 91.9 MPH)
|
|
Batting: RHB Alex Diaz
|
0-0: Called Strike 0-1: Foul Ball, location: 2F 0-2: Ball 1-2: Strikes out swinging
|
| Bottom of the 5th over - 0 runs, 0 hits, 0 errors, 0 left on base; Joplin 6 - Tijuana 1 |
| TOP OF THE 6TH |
|
Joplin Blasters batting - Pitching for Tijuana Toros : LHP Brad Brownell
|
|
Batting: LHB Josh Lane
|
0-0: Ball 1-0: Ball 2-0: Ball 3-0: Base on Balls
|
|
Batting: RHB Angel Melendez
|
0-0: Foul Ball, location: 2F 0-1: Ball 1-1: Foul Ball, location: 2F 1-2: Foul Ball, location: 2F 1-2: Ball 2-2: Fly out, F7 (Line Drive, 78M, EV 95.0 MPH)
|
|
Batting: RHB Mike Stokes
|
0-0: Ground out 4-3 (Groundball, 34S, EV 75.6 MPH) Josh Lane to second
|
|
Batting: RHB Dustin Peterson
|
0-0: Called Strike 0-1: Ball 1-1: Ball 2-1: Foul Ball, location: 2F 2-2: Ball 3-2: Foul Ball, location: 2F 3-2: Strikes out swinging
|
| Top of the 6th over - 0 runs, 0 hits, 0 errors, 1 left on base; Joplin 6 - Tijuana 1 |
| BOTTOM OF THE 6TH |
|
Tijuana Toros batting - Pitching for Joplin Blasters : RHP Robert Carlos
|
|
Batting: RHB Guo Kwok
|
0-0: Called Strike 0-1: Swinging Strike 0-2: Strikes out swinging
|
|
Batting: RHB Jerry Afghani
|
0-0: Called Strike 0-1: Ball 1-1: Ball 2-1: Swinging Strike 2-2: Foul Ball, location: 2F 2-2: Strikes out swinging
|
|
Batting: RHB Shiki Nomoto
|
0-0: Called Strike 0-1: Ball 1-1: Ball 2-1: Ball 3-1: Fly out, F6 (Popup, 6MS, EV 78.8 MPH)
|
| Bottom of the 6th over - 0 runs, 0 hits, 0 errors, 0 left on base; Joplin 6 - Tijuana 1 |
| TOP OF THE 7TH |
|
Joplin Blasters batting - Pitching for Tijuana Toros : LHP Brad Brownell
|
|
Batting: RHB Donnie Bednarz
|
0-0: Called Strike 0-1: Foul Ball, location: 2F 0-2: Strikes out swinging
|
|
Batting: RHB Steve Huebner
|
0-0: SOLO HOME RUN (Flyball, 7D, EV 99.4 MPH), Distance : 394 ft
|
|
Batting: LHB Willie Marquez
|
0-0: Ball 1-0: Ball 2-0: Ground out 5-3 (Groundball, 5, EV 90.0 MPH)
|
|
Batting: RHB Jin-hoi Hur
|
0-0: Ball 1-0: Ground out 5-3 (Groundball, 56, EV 92.5 MPH)
|
| Top of the 7th over - 1 run, 1 hit, 0 errors, 0 left on base; Joplin 7 - Tijuana 1 |
| BOTTOM OF THE 7TH |
|
Tijuana Toros batting - Pitching for Joplin Blasters : RHP Robert Carlos
|
|
Batting: RHB Guillermo Puente
|
0-0: Called Strike 0-1: Ball 1-1: Ball 2-1: Swinging Strike 2-2: Ball 3-2: Ground out 1-3 (Groundball, 23, EV 70.0 MPH)
|
|
Pinch Hitting: RHB Jaylen North
|
0-0: Called Strike 0-1: Foul Ball, location: 2F 0-2: Ball 1-2: Ball 2-2: Strikes out swinging
|
|
Batting: LHB Jose Diaz
|
0-0: Ball 1-0: Ball 2-0: Ball 3-0: Base on Balls
|
|
Batting: RHB Tan-ming Kwan
|
0-0: Swinging Strike 0-1: Called Strike 0-2: Ball 1-2: Fly out, F9 (Flyball, 9LS, EV 84.4 MPH)
|
| Bottom of the 7th over - 0 runs, 0 hits, 0 errors, 1 left on base; Joplin 7 - Tijuana 1 |
| TOP OF THE 8TH |
|
Joplin Blasters batting - Pitching for Tijuana Toros : LHP Brad Brownell
|
|
Now at 2B: Tony Vasquez
|
|
|
Now at SS: Shiki Nomoto
|
|
|
Batting: RHB Sean Walters
|
0-0: Called Strike 0-1: Foul Ball, location: 2F 0-2: Ball 1-2: Ground out 6-3 (Groundball, 6, EV 86.9 MPH)
|
|
Batting: LHB Josh Lane
|
0-0: Ball 1-0: Foul Ball, location: 2F 1-1: Swinging Strike 1-2: Ground out 1-3 (Groundball, 13S, EV 72.5 MPH)
|
|
Batting: RHB Angel Melendez
|
0-0: Fly out, F9 (Line Drive, 89M, EV 96.2 MPH)
|
| Top of the 8th over - 0 runs, 0 hits, 0 errors, 0 left on base; Joplin 7 - Tijuana 1 |
| BOTTOM OF THE 8TH |
|
Tijuana Toros batting - Pitching for Joplin Blasters : RHP Robert Carlos
|
|
Batting: SHB Luis Diaz
|
0-0: Ball 1-0: Ball 2-0: Called Strike 2-1: Ball 3-1: SINGLE (Flyball, 8LS, EV 90.0 MPH)
|
|
Batting: RHB Alex Diaz
|
0-0: Ball 1-0: Ball 2-0: DOUBLE (Flyball, 89XD, EV 101.9 MPH) Luis Diaz to third
|
|
Batting: RHB Guo Kwok
|
0-0: DOUBLE (Line Drive, 9LD, EV 102.5 MPH) Luis Diaz scores Alex Diaz scores
|
|
Batting: RHB Jerry Afghani
|
0-0: Swinging Strike 0-1: 2-RUN HOME RUN (Line Drive, 89XD, EV 115.0 MPH), Distance : 437 ft
|
|
Batting: RHB Shiki Nomoto
|
0-0: Ball 1-0: Ball 2-0: Ball 3-0: Base on Balls
|
|
Pitching: RHP Rade Mamula
|
|
|
Batting: RHB Guillermo Puente
|
0-0: Ball Wild Pitch! Shiki Nomoto to second 1-0: Ball 2-0: Ball 3-0: Base on Balls
|
|
Pinch Hitting: RHB Djoka Subasic
|
0-0: Ball 1-0: Ball 2-0: Ball 3-0: Base on Balls Shiki Nomoto to third Guillermo Puente to second
|
|
Batting: LHB Jose Diaz
|
0-0: Ball 1-0: Called Strike 1-1: Swinging Strike 1-2: Foul Ball, location: 2F 1-2: Foul Ball, location: 2F 1-2: GRAND SLAM HOME RUN (Flyball, 89XD, EV 108.8 MPH), Distance : 429 ft
|
|
Batting: RHB Tan-ming Kwan
|
0-0: Ball 1-0: SOLO HOME RUN (Flyball, 89XD, EV 113.8 MPH), Distance : 453 ft
|
|
Batting: SHB Luis Diaz
|
0-0: Ground out 4-3 (Groundball, 4, EV 85.6 MPH)
|
|
Batting: RHB Alex Diaz
|
0-0: Called Strike 0-1: Ball 1-1: Fly out, F9 (Flyball, 9D, EV 101.2 MPH)
|
|
Batting: RHB Guo Kwok
|
0-0: SINGLE (Groundball, 56D, EV 101.2 MPH)
|
|
Batting: RHB Jerry Afghani
|
0-0: Ball Wild Pitch! Guo Kwok to second 1-0: Foul Ball, location: 2F 1-1: Ground out 6-3 (Groundball, 6, EV 93.8 MPH)
|
| Bottom of the 8th over - 9 runs, 7 hits, 0 errors, 1 left on base; Joplin 7 - Tijuana 10 |
| TOP OF THE 9TH |
|
Joplin Blasters batting - Pitching for Tijuana Toros : LHP Brad Brownell
|
|
Pitching: RHP Joe Goodwin
|
|
|
Now at 2B: Djoka Subasic
|
|
|
Batting: RHB Mike Stokes
|
0-0: Ball 1-0: Foul Ball, location: 2F 1-1: Called Strike 1-2: Strikes out swinging
|
|
Batting: RHB Dustin Peterson
|
0-0: Ball 1-0: Foul Ball, location: 2F 1-1: Fly out, F9 (Flyball, 9LM, EV 88.1 MPH)
|
|
Batting: RHB Donnie Bednarz
|
0-0: SINGLE (Line Drive, 78S, EV 105.0 MPH)
|
|
Batting: RHB Steve Huebner
|
0-0: Called Strike 0-1: Ball 1-1: Foul Ball, location: 2F 1-2: Ball 2-2: Ball 3-2: Base on Balls Donnie Bednarz to second
|
|
Batting: LHB Willie Marquez
|
0-0: Foul Ball, location: 2F 0-1: Foul Ball, location: 2F 0-2: Ball 1-2: Strikes out swinging
|
| Top of the 9th over - 0 runs, 1 hit, 0 errors, 2 left on base; Joplin 7 - Tijuana 10 |
|